 Dungeon Crawl Stone Soup version 0.17.0-28-g6e173f8 (webtiles) character file.

1466 MDvedh the Grappler (level 8, -7/62 HPs)
             Began as a Ghoul Conjurer on Nov 22, 2015.
             Was a Priest of Makhleb.
             Mangled by a yak (12 damage)
             ... on level 5 of the Dungeon.
             The game lasted 00:12:04 (4352 turns).

MDvedh the Grappler (Ghoul Conjurer)                Turns: 4352, Time: 00:12:04

Health: -7/62      AC:  7    Str: 14    XL:     8   Next: 77%
Magic:  9/9        EV:  9    Int: 10    God:    Makhleb [***...]
Gold:   337        SH:  0    Dex:  9    Spells: 1 memorised, 9 levels left

rFire  . . .     SeeInvis .       - Unarmed
rCold  + . .     Clarity  .     i - +0 scale mail
rNeg   + + +     SustAt   .     (no shield)
rPois  ∞         Gourm    .     s - +0 helmet
rElec  .         Spirit   .     (no cloak)
rCorr  .         Warding  .     (no gloves)
rMut   .         Stasis   .     (no boots)
MR     .....                    (no amulet)
Stlth  ..........               (no ring)
                                (no ring)

@: rotting, not resistant to hostile enchantments, extremely unstealthy
A: rotting body, claws 1, carnivore 3, cold resistance 1, negative energy
resistance 3, slow regeneration 1, torment resistance, unbreathing
a: Minor Destruction, Lesser Servant of Makhleb, Renounce Religion


You were on level 5 of the Dungeon.
You worshipped Makhleb.
Makhleb was most pleased with you.
You were not hungry.

You visited 1 branch of the dungeon, and saw 5 of its levels.
You also visited: Sewer.

You collected 337 gold pieces.

Inventory:

Armour
 i - a +0 scale mail (worn)
 s - a +0 helmet (worn)
Wands
 m - a wand of flame (26)
 p - a wand of digging (13)
Scrolls
 d - 6 scrolls of remove curse
 r - a scroll of amnesia
Potions
 e - 3 potions of brilliance
 h - a potion of magic {unknown}
 j - 3 potions of heal wounds {unknown}
 l - a potion of resistance {unknown}
 n - a potion of agility {unknown}
 o - a potion of flight {unknown}
Books
 b - a book of Conjurations

   Spells                             Type                      Level
   a - Magic Dart                     Conjuration                  1
   b - Searing Ray                    Conjuration                  2
   c - Dazzling Spray                 Conjuration/Hexes            3
   d - Fulminant Prism                Conjuration/Hexes            4
   e - Iskenderun's Mystic Blast      Conjuration                  4
   f - Iskenderun's Battlesphere      Conjuration/Charms           5
Comestibles
 a - 2 slices of pizza
 c - 4 meat rations
 f - 2 beef jerkies
 q - 2 chunks of flesh


   Skills:
 * Level 2.5 Fighting
 * Level 2.0 Armour
 * Level 2.9 Dodging
 - Level 2.1 Stealth
 + Level 10.3 Unarmed Combat
 - Level 1.7 Spellcasting
 - Level 3.2 Conjurations


You had 9 spell levels left.
You knew the following spells:

 Your Spells              Type           Power        Failure   Level  Hunger
a - Magic Dart            Conj           #...         38%         1    ##.....


Dungeon Overview and Level Annotations

Branches:
Dungeon (5/15)
 Temple: D:4-7

Altars:
Cheibriados
Dithmenos
Gozag
Kikubaaqudgha
Makhleb
Okawaru
Xom

Shops:
D:5 %


Innate Abilities, Weirdness & Mutations

Your body is rotting away.
You thrive on raw meat.
You are immune to poison.
You have sharp fingernails.
You are carnivorous and can eat meat at any time.
Your flesh is cold resistant.
You are immune to negative energy.
You regenerate slowly when monsters are visible.
You are immune to unholy pain and torment.
You can survive without breathing.


Message History

You scratch the yak.
You kill the yak!
Makhleb accepts your kill.
Your Armour skill increases to level 2!
You completely miss the yak.
The yak is severely wounded.
The yak closely misses you.
You scratch the yak.
The yak is severely wounded.
The yak gores you but does no damage.
You closely miss the yak.
The yak is severely wounded.
The yak gores you.
* * * LOW HITPOINT WARNING * * *
You scratch the yak but do no damage.
The yak is severely wounded.
You scratch the yak.
The yak is almost dead.
The yak gores you!
You die...

#. ##...........#
#......#
..##............#
#......#
#..#...†......#
#......#
#..#...........#
#......##
#..##...#####.###
#......'. ... #....#
#.# #......## .. ####.#
#.# #∩.....'. #.## #Y#
#......## #..###@######
##'###^#. ##.##.......#
#.###'#' #..#.......#
#.##.... ##.#.......#
#.##....
#.##+#########.##...<
#............#.##....
#............#.##....
###............#.##....
#..............#.##....


You could see a yak.

Vanquished Creatures
  3 yaks (D:5)
  The ghost of dxctxrx the Sneak, an amateur VSAs (Sewer)
  An ogre (D:4)
  A phantom (D:5)
  2 big kobolds (Sewer)
  A scorpion (D:4)
  2 crimson imps
  An orc priest (D:4)
  Ijyb (D:2)
  2 orc wizards
  A giant frog skeleton (D:4)
  Natasha (twice) (D:3 D:4)
  5 worker ants
  A hound skeleton (D:4)
  2 river rats (Sewer)
  9 adders
  An ooze (Sewer)
  An adder skeleton (D:5)
  A worm (D:2)
  2 giant geckos (D:4)
  11 orcs
  6 ball pythons
  7 bats
  5 giant cockroaches
  8 hobgoblins
  10 jackals
  A quokka (D:4)
  5 giant newts
  9 goblins
  20 kobolds
  26 rats
  3 rat zombies (D:3)
151 creatures vanquished.

Notes
Turn   | Place    | Note
--------------------------------------------------------------
     0 | D:1      | MDvedh the Ghoul Conjurer began the quest for the Orb.
     0 | D:1      | Reached XP level 1. HP: 14/14 MP: 2/2
   195 | D:1      | Reached skill level 1 in Unarmed Combat
   338 | D:1      | Reached XP level 2. HP: 19/19 MP: 1/3
   675 | D:1      | Reached XP level 3. HP: 9/25 MP: 4/4
  1132 | D:2      | Noticed Ijyb
  1157 | D:2      | Killed Ijyb
  1157 | D:2      | Reached XP level 4. HP: 13/33 MP: 1/5
  1159 | D:2      | Reached skill level 4 in Unarmed Combat
  1451 | D:2      | Found a snail-covered altar of Cheibriados.
  2059 | D:3      | Found a shimmering altar of Xom.
  2060 | D:3      | Found a burning altar of Makhleb.
  2091 | D:3      | Reached XP level 5. HP: 37/37 MP: 6/6
  2099 | D:3      | Became a worshipper of Makhleb the Destroyer
  2201 | D:3      | Reached skill level 5 in Unarmed Combat
  2315 | D:3      | Found an iron altar of Okawaru.
  2339 | D:3      | Noticed Natasha
  2350 | D:3      | Killed Natasha
  2575 | D:3      | Found an opulent altar of Gozag.
  2647 | D:3      | Reached * piety under Makhleb
  2653 | D:3      | Found an ancient bone altar of Kikubaaqudgha.
  2755 | D:3      | Noticed Natasha
  2809 | D:4      | Found a glowing drain.
  2813 | Sewer    | Entered a sewer
  2816 | Sewer    | Noticed dxctxrx's ghost (amateur VSAs)
  2837 | Sewer    | Killed dxctxrx's ghost
  2837 | Sewer    | Reached skill level 6 in Unarmed Combat
  2837 | Sewer    | Reached XP level 6. HP: 22/45 MP: 7/7
  2979 | Sewer    | Reached skill level 7 in Unarmed Combat
  3055 | Sewer    | Reached ** piety under Makhleb
  3128 | Sewer    | Reached XP level 7. HP: 44/50 MP: 8/8
  3323 | D:4      | Noticed an ogre
  3334 | D:4      | Killed an ogre
  3334 | D:4      | Reached skill level 8 in Unarmed Combat
  3508 | D:4      | Reached *** piety under Makhleb
  3525 | D:4      | Reached skill level 9 in Unarmed Combat
  3586 | D:4      | Found a shadowy altar of Dithmenos.
  3639 | D:4      | Killed Natasha
  3878 | D:4      | Reached XP level 8. HP: 56/56 MP: 9/9
  3990 | D:5      | Entered Level 5 of the Dungeon
  4070 | D:5      | Found Guyjak's Food Shop.
  4205 | D:5      | Reached skill level 10 in Unarmed Combat
  4284 | D:5      | Reached skill level 1 in Fighting
  4284 | D:5      | Reached skill level 1 in Armour
  4308 | D:5      | HP: 3/61 [yak (6)]
  4341 | D:5      | HP: 2/61 [yak (6)]
  4352 | D:5      | Mangled by a yak

Action                   |  1- 3 |  4- 6 |  7- 9 || total
-------------------------+-------+-------+-------++-------
Melee: Unarmed           |   129 |   246 |   203 ||   578
 Cast: Magic Dart        |    21 |     5 |       ||    26
  Use: Scroll            |       |     8 |     1 ||     9
       Potion            |       |       |     9 ||     9
 Stab: Sleeping          |     1 |     1 |       ||     2
       Invisible         |       |     2 |       ||     2
  Eat: Chunk             |    14 |    23 |    13 ||    50
